 Dungeon Crawl Stone Soup version 0.26-a0-21-gf97e55dc39 (webtiles) character file.

Game seed: 4430613983142476188, levelgen mode: deterministic

9023 Aksej the Fighter (level 11, -3/94 HPs)
             Began as a Minotaur Fighter on May 26, 2020.
             Was a Believer of Wu Jian.
             Slain by an elephant (14 damage)
             ... on level 10 of the Dungeon.
             The game lasted 00:31:34 (11420 turns).

Aksej the Fighter (Minotaur Fighter)               Turns: 11420, Time: 00:31:35

Health: -3/94      AC: 24    Str: 20    XL:     11   Next: 17%
Magic:  10/10      EV: 10    Int:  5    God:    Wu Jian [**....]
Gold:   837        SH: 14    Dex: 14    Spells: 10/10 levels left

rFire    . . .     SeeInvis .   a - +3 long sword
rCold    + . .     Gourm    .   c - +2 kite shield
rNeg     . . .     Faith    .   l - +3 chain mail {rC+}
rPois    .         Spirit   .   (helmet unavailable)
rElec    .         Reflect  .   (no cloak)
rCorr    .         Harm     .   d - +2 pair of gloves
MR       .....                  (no boots)
Stlth    ..........             (no amulet)
HPRegen  0.25/turn              n - +4 ring of protection
MPRegen  0.12/turn              r - ring of flight

@: about to teleport
A: retaliatory headbutt, hooves 1, horns 3, rugged brown scales 1, yellow scales
1, frail 1
a: Wall Jump, Renounce Religion, Evoke Flight


You were on level 10 of the Dungeon.
You worshipped Wu Jian.
Wu Jian was pleased with you.
You were not hungry.

You visited 2 branches of the dungeon, and saw 11 of its levels.
You also visited: Ossuary.

You collected 837 gold pieces.

Inventory:

Hand Weapons
 a - a +3 long sword (weapon)
Missiles
 o - 2 boomerangs (quivered)
Armour
 c - a +2 kite shield (worn)
 d - a +2 pair of gloves (worn)
 l - a +3 chain mail of cold resistance (worn)
Jewellery
 n - a +4 ring of protection (left hand)
 r - a ring of flight (right hand)
Wands
 t - a wand of iceblast (4)
Scrolls
 b - 2 scrolls of amnesia
 e - 2 scrolls of fog
 g - 6 scrolls of remove curse
 i - a scroll of teleportation
 k - a scroll of enchant weapon
 q - a scroll of identify
Potions
 h - 3 potions of lignification
 j - 2 potions of curing
 m - a potion of resistance
 p - 2 potions of stabbing
 s - 2 potions of magic
Comestibles
 f - 19 rations


   Skills:
 * Level 11.5 Fighting
 + Level 11.1 Long Blades
 + Level 3.6 Throwing
 + Level 8.9 Armour
 + Level 6.1 Dodging
 + Level 0.2 Stealth
 + Level 9.6 Shields


You had 10 spell levels left.
You didn't know any spells.
Your spell library contained the following spells:

 Spells                   Type           Power        Failure   Level  Hunger
 Confusing Touch          Hex            #.......     100%        3    ####...
 Gell's Gravitas          Tloc           #.........   100%        3    ####...
 Petrify                  Tmut/Erth      #.......     100%        4    #####..
 Metabolic Englaciation   Hex/Ice        #.........   100%        5    ######.
 Yara's Violent Unravell  Hex/Tmut       #.........   100%        5    ######.


Dungeon Overview and Level Annotations

Branches:
Dungeon (10/15)            Temple (1/1) D:5            Lair (0/6) D:10
Ossuary (visited)
    Orc: D:9-12

Altars:
Ashenzari
Cheibriados
Dithmenos
Elyvilon
Fedhas
Gozag
Hepliaklqana
Kikubaaqudgha
Makhleb
Nemelex Xobeh
Okawaru
Qazlal
Ru
Sif Muna
Trog
Uskayaw
Vehumet
Wu Jian
Xom
Yredelemnul
Zin
The Shining One

Shops:
D:9 *


Innate Abilities, Weirdness & Mutations

You reflexively headbutt those who attack you in melee.
You have a pair of large horns on your head.
You have large cloven feet.
You are partially covered in rugged brown scales. (AC +1, +3% HP)
You are partially covered in yellow scales. (AC +2)
You are frail. (-10% HP)


Message History

As you read the scroll of teleportation, it crumbles to dust.
You feel strangely unstable. The basilisk barely misses you.
You block the elephant's attack.
The elephant trunk-slaps you but does no damage.
You block the yak's attack.
The orc priest invokes the aid of Beogh against you.
Beogh smites you!
* * * LOW HITPOINT WARNING * * *
You hit the orc priest.
You kill the orc priest!
The Council accepts your kill. The basilisk bites you.
* * * LOW HITPOINT WARNING * * *
The elephant completely misses you. You furiously retaliate!
You headbutt the elephant, but do no damage.
You riposte.
You hit the elephant.
The elephant is heavily wounded.
You block the elephant's attack. The yak barely misses you.
You feel better. You block the basilisk's attack. The elephant tramples you!
You die...

....#.....#.....#.......
....#.....'.....#.......
.....####.#.....#.......
.......##.#.....#.......
........#.+.....#.......
......P...#######....###
..>.........>........#
......)Yl............
......Y@#######. ..
......)## .....## ...#.
...# ..


You could see an elephant, a yak and a basilisk.

Vanquished Creatures
  Erolcha (D:9)
  A two-headed ogre (D:7)
  An unseen horror (D:10)
  Maggie (D:9)
  A hornet (D:8)
  Prince Ribbit (D:9)
  A hippogriff (D:8)
  A wraith (D:10)
  9 yaks
  A soldier ant (D:8)
  2 ice beasts
  2 orc warriors
  Duvessa (D:6)
  3 black bears
  3 phantoms
  7 ogres
  4 centaurs
  A crocodile (D:10)
  A big kobold (D:8)
  3 bullfrogs
  A wyvern zombie (D:6)
  Dowan (D:6)
  3 scorpions
  5 killer bees (D:7)
  A howler monkey (D:8)
  6 wights (D:10)
  A centaur zombie (Ossuary)
  3 crimson imps
  2 bullfrog zombies (D:6)
  2 orc priests
  5 hounds
  2 jellies (D:8)
  2 centaur skeletons
  A human zombie (Ossuary)
  Terence (D:3)
  3 worker ants
  Natasha (twice) (D:2)
  14 orc wizards
  A killer bee zombie (D:9)
  3 big kobold zombies (Ossuary)
  3 hound zombies
  A hound skeleton (D:6)
  3 mummies
  Robin (D:2)
  13 adders
  3 shadow imps
  An ooze (D:5)
  An adder skeleton (D:8)
  4 worms
  2 dart slugs
  3 leopard geckos
  43 orcs
  4 giant cockroaches
  5 gnoll zombies (Ossuary)
  14 goblins
  9 hobgoblins
  26 jackals
  2 quokkas
  A ball python (D:2)
  3 bats
  A frilled lizard (D:4)
  A hobgoblin zombie (Ossuary)
  A jackal skeleton (D:5)
  15 kobolds
  3 orc zombies (Ossuary)
  8 rats
275 creatures vanquished.

Vanquished Creatures (others)
  An orc wizard (D:6)
1 creature vanquished.

Grand Total: 276 creatures vanquished

Notes
Turn   | Place    | Note
-------+----------+-------------------------------------------
     0 | D:1      | Aksej the Minotaur Fighter began the quest for the Orb.
     0 | D:1      | Reached XP level 1. HP: 19/19 MP: 0/0
   131 | D:1      | Reached XP level 2. HP: 24/27 MP: 1/1
   540 | D:1      | Found a glowing golden altar of the Shining One.
   834 | D:1      | Reached skill level 5 in Armour
   834 | D:1      | Reached skill level 5 in Dodging
   834 | D:1      | Reached skill level 5 in Shields
   834 | D:1      | Reached XP level 3. HP: 39/39 MP: 2/2
   929 | D:2      | Reached XP level 4. HP: 47/47 MP: 3/3
  1092 | D:2      | You fall into a shaft and drop 1 floor!
  1618 | D:2      | Noticed Natasha
  1620 | D:2      | Noticed Robin
  1627 | D:2      | Killed Natasha
  1627 | D:2      | Reached XP level 5. HP: 50/52 MP: 4/4
  1635 | D:2      | Killed Robin
  1802 | D:2      | Noticed Natasha
  1810 | D:2      | Killed Natasha
  2153 | D:2      | Reached skill level 5 in Long Blades
  2305 | D:3      | Noticed Terence
  2314 | D:3      | Killed Terence
  2543 | D:3      | Reached XP level 6. HP: 60/60 MP: 5/5
  2629 | D:4      | Found a sand-covered staircase.
  2648 | Ossuary  | Entered an ossuary
  3113 | D:4      | Reached XP level 7. HP: 64/67 MP: 6/6
  3870 | D:4      | Reached skill level 1 in Throwing
  4419 | D:5      | Entered Level 5 of the Dungeon
  4937 | D:5      | Reached XP level 8. HP: 74/75 MP: 7/7
  5082 | D:5      | Found a staircase to the Ecumenical Temple.
  5092 | Temple   | Entered the Ecumenical Temple
  5410 | D:5      | Found a glowing golden altar of the Shining One.
  5410 | D:5      | Found a blossoming altar of Fedhas.
  5985 | D:5      | Gained mutation: You possess an exceptional clarity of
                  | mind. [potion of mutation]
  5985 | D:5      | Gained mutation: You can translocate small distances at
                  | will. [potion of mutation]
  5985 | D:5      | Gained mutation: You are clumsy. (Dex -2) [potion of
                  | mutation]
  5985 | D:5      | Gained mutation: You are partially covered in rugged brown
                  | scales. (AC +1, +3% HP) [potion of mutation]
  6090 | D:6      | Noticed Duvessa
  6090 | D:6      | Noticed Dowan
  6107 | D:6      | Killed Duvessa
  6115 | D:6      | Killed Dowan
  6221 | D:6      | HP: 4/80 [ogre/cursed +0 giant spiked club (23)]
  6863 | D:6      | Reached XP level 9. HP: 64/86 MP: 8/8
  7995 | D:7      | Reached skill level 10 in Fighting
  8311 | D:7      | Found a hide-covered altar of Uskayaw.
  8312 | D:7      | Found a snail-covered altar of Cheibriados.
  8316 | D:7      | Found a sparkling altar of Nemelex Xobeh.
  8448 | D:7      | Found an ornate altar of the Wu Jian Council.
  8492 | D:7      | Became a worshipper of the Wu Jian Council
  8570 | D:7      | Noticed a two-headed ogre
  8578 | D:7      | Killed a two-headed ogre
  8907 | D:8      | Reached XP level 10. HP: 96/96 MP: 9/9
  9032 | D:8      | Found a snail-covered altar of Cheibriados.
  9066 | D:8      | Reached * piety under Wu Jian
  9067 | D:8      | Reached skill level 10 in Long Blades
  9613 | D:9      | Noticed Erolcha
  9772 | D:9      | Noticed Prince Ribbit
  9971 | D:9      | Killed Prince Ribbit
  9994 | D:9      | Killed Erolcha
 10274 | D:9      | Found Zoujot's Lightly-Used Armoury.
 10426 | D:9      | Noticed Maggie
 10441 | D:9      | Killed Maggie
 10446 | D:9      | Lost mutation: You possess an exceptional clarity of mind.
                  | [potion of mutation]
 10446 | D:9      | Lost mutation: You are clumsy. (Dex -2) [potion of
                  | mutation]
 10446 | D:9      | Lost mutation: You can translocate small distances at will.
                  | [potion of mutation]
 10446 | D:9      | Gained mutation: You are occasionally teleported next to
                  | monsters. [potion of mutation]
 10446 | D:9      | Gained mutation: You are frail. (-10% HP) [potion of
                  | mutation]
 10446 | D:9      | Gained mutation: You are partially covered in yellow
                  | scales. (AC +2) [potion of mutation]
 10446 | D:9      | Gained mutation: You are partially covered in large bone
                  | plates. (SH +4) [potion of mutation]
 10447 | D:9      | Lost mutation: You are frail. (-10% HP) [potion of
                  | mutation]
 10447 | D:9      | Lost mutation: You are occasionally teleported next to
                  | monsters. [potion of mutation]
 10447 | D:9      | Lost mutation: You are partially covered in large bone
                  | plates. (SH +4) [potion of mutation]
 10447 | D:9      | Gained mutation: You have large cloven feet. [potion of
                  | mutation]
 10447 | D:9      | Gained mutation: You are frail. (-10% HP) [potion of
                  | mutation]
 10447 | D:9      | Gained mutation: You have a pair of large horns on your
                  | head. [potion of mutation]
 10732 | D:10     | Entered Level 10 of the Dungeon
 10774 | D:10     | Reached ** piety under Wu Jian
 10855 | D:10     | Killed an unseen horror
 10855 | D:10     | Reached XP level 11. HP: 62/94 MP: 10/10
 11392 | D:10     | Found a staircase to the Lair.
 11420 | D:10     | Slain by an elephant

Illustrated notes

Levels and vault maps discovered:
D:1:      minmay_arrival_cross, layout_loops_cross, tso_metal_star
D:2:      layout_basic, roderic_roman_lattice, hangedman_decor_clover_reticule,
          uniq_robin, uniq_natasha
D:3:      layout_basic, first_ration, uniq_terence
D:4:      layout_layer_cave, gup_ossuary_entry_pyramid
D:5:      layout_loops_corners, gammafunk_temple_overflow_elements,
          minmay_temple_entry_gardened_gates
D:6:      layout_basic, minmay_misc_feat_cross, hangedman_decor_diamond_cutter,
          uniq_duvessa
D:7:      layout_cave_pods, old_standard_altar, minitemple
D:8:      layout_cave_pools, basic_altar, hangedman_pestilent_swarm
D:9:      layout_basic, minmay_shop_damaged, uniq_prince_ribbit1, uniq_erolcha,
          uniq_maggie
D:10:     layout_irregular_city, david_lair_generic, palyth_stone_intersect,
          kennysheep_generic_room_10
Temple:   regret_index_temple_sphere_string

Skill      XL: |  1  2  3  4  5  6  7  8  9 10 11 |
---------------+----------------------------------+-----
Shields        | 4 5 6 7 8 9 |  9.6
Fighting       | 4 7 8 9 10 11 | 11.5
Long Blades    | 4 5 6 7 9 10 11 | 11.1
Armour         | 5 6 7 8 |  8.9
Dodging        | 5 6 |  6.1
Throwing       | 1 3 |  3.6
Stealth        | |  0.2

Action                   |  1- 3 |  4- 6 |  7- 9 | 10-12 || total
-------------------------+-------+-------+-------+-------++-------
Melee: Long sword        |    40 |   183 |   382 |   292 ||   897
       Headbutt          |     6 |    35 |    84 |    71 ||   196
       Kick              |       |       |       |    31 ||    31
Throw: Boomerang         |       |    17 |     1 |    55 ||    73
Invok: Lunge             |       |       |     4 |     5 ||     9
       Whirlwind         |       |       |       |     4 ||     4
  Use: Scroll            |     3 |     7 |     3 |     4 ||    17
       Potion            |     3 |     3 |     2 |     7 ||    15
  Eat: Chunk             |       |     6 |    16 |     9 ||    31
       Ration            |       |       |     1 |       ||     1
Armor: Scale mail        |    13 |    30 |       |       ||    43
       Chain mail        |       |    58 |   147 |   196 ||   401
Dodge: Dodged            |    19 |    90 |    82 |    93 ||   284
Block: Kite shield       |    18 |   135 |   223 |   206 ||   582
       Rpst.: Long sword |     8 |    26 |    27 |    25 ||    86

Table legend:
 A = Non-vault XP
 B = Vault XP
 C = Vault XP percentage of total XP
 D = Non-vault monster count
 E = Vault monster count
 F = Vault count percentage of total count
                 A         B        C        D         E       F
            +---------+---------+-------+---------+---------+-------
      Total |    9994 |    2843 |  22.1 |     234 |      42 |  15.2
            +---------+---------+-------+---------+---------+-------
        D:1 |      38 |       0 |   0.0 |      20 |       0 |   0.0
        D:2 |     117 |      73 |  38.4 |      21 |      14 |  40.0
        D:3 |      73 |      36 |  33.0 |      16 |       1 |   5.9
        D:4 |     524 |      18 |   3.3 |      22 |       1 |   4.3
        D:5 |     566 |       0 |   0.0 |      30 |       0 |   0.0
        D:6 |    1545 |     214 |  12.2 |      32 |       2 |   5.9
        D:7 |    1972 |       0 |   0.0 |      19 |       0 |   0.0
        D:8 |    1475 |     493 |  25.1 |      43 |       4 |   8.5
        D:9 |    1149 |    1690 |  59.5 |      13 |       3 |  18.8
       D:10 |    2535 |     103 |   3.9 |      18 |       1 |   5.3
    Ossuary |       0 |     216 | 100.0 |       0 |      16 | 100.0
            +---------+---------+-------+---------+---------+-------
